 Dungeon Crawl Stone Soup version 0.31-a0-574-g69dc8cc98e (webtiles) character file.

Game seed: 8395586687842729746

520 Dordric the Changeling (level 7, -4/48 HPs)
             Began as a Demonspawn Shapeshifter on Aug 18, 2023.
             Was an Initiate of Trog.
             Slain by an orc warrior
             ... wielding a +0 mace
              (9 damage)
             ... on level 4 of the Dungeon.
             The game lasted 00:06:28 (4197 turns).

Dordric the Changeling (Demonspawn Shapeshifter)    Turns: 4197, Time: 00:06:28

Health: -4/48      AC:  6    Str: 17    XL:     7   Next: 1%
Magic:  7/7        EV: 13    Int: 10    God:    Trog [......]
Gold:   299        SH:  0    Dex: 13    Spells: 6/6 levels left

rFire   . .          .
                       - Unarmed
rCold   . . .        (no shield)
rNeg    . . .        m - +0 scale mail
rPois   .            (helmet currently unavailable)
rElec   .            (cloak currently unavailable)
rCorr   .            (gloves currently unavailable)
SInv    .            (boots currently unavailable)
Will    +....        (no amulet) Stlth
                     g - ring of willpower
HPRegen 0.28/turn    (no ring)
MPRegen 0.10/turn

%: no passive effects
@: beast-form
A: beast (slay +3), horns 2, repulsion field 2
a: Begin Untransformation, Renounce Religion


You were on level 4 of the Dungeon.
You worshipped Trog.
Trog was noncommittal.
You were a hulking beast.
You visited 2 branches of the dungeon, and saw 6 of its levels.

You collected 299 gold pieces.

Inventory:

Armour
 a - a +0 animal skin
 m - a +0 scale mail (worn)
 A - a +1 hat
Jewellery
 g - a ring of willpower (left hand)
 p - a ring of magical power
 w - an amulet of regeneration
 y - an amulet of faith
Talismans
 c - a beast talisman (active)
 d - a flux talisman
Wands
 z - a wand of iceblast (9)
Scrolls
 f - 2 scrolls of identify
 h - a scroll of enchant weapon
 j - a scroll of amnesia
 l - a scroll of silence
Potions
 b - a potion of lignification
 e - a potion of haste {unknown}
 i - a potion of attraction {unknown}
 k - a potion of might {unknown}
 n - 4 potions of curing {unknown}
 o - a potion of berserk rage {unknown}
 q - a potion of heal wounds {unknown}
 r - 2 potions of degeneration
 s - a potion of brilliance
 t - a potion of ambrosia {unknown}


   Skills:
 - Level 1.0 Fighting
 - Level 1.7 Dodging
 - Level 3.6 Unarmed Combat
 + Level 5.9 Shapeshifting


You had 6 spell levels left.
You didn't know any spells.
Your spell library contained the following spells:

 Spells                   Type           Power      Damage    Failure   Level
 Magic Dart               Conj           0%         1d3       80%         1
 Sandblast                Erth           0%         2d4       80%         1
 Call Imp                 Summ           0%         N/A       91%         2
 Ensorcelled Hibernation  Hex/Ice        0%         N/A       91%         2
 Passwall                 Tmut/Erth      0%         N/A       91%         2
 Mephitic Cloud           Conj/Pois/Air  0%         N/A       99%         3
 Stone Arrow              Conj/Erth      0%         3d7       99%         3
 Anguish                  Hex/Necr       0%         N/A       100%        4


Dungeon Overview and Level Annotations

Branches:
Dungeon (5/15)             Temple (1/1) D:4

Altars:
Ashenzari
Cheibriados
Fedhas
Gozag
Hepliaklqana
Makhleb
Okawaru
Qazlal
Trog
Uskayaw
Vehumet
Wu Jian
Xom

Shops:
D:4 !


Innate Abilities, Weirdness & Mutations

You are a hulking beast.
Your limbs bulge with bestial killing power. (Slay +3)
You have a pair of horns on your head.
You are surrounded by a moderate repulsion field. (EV +3)


Message History

Done exploring.
Done exploring.
You see here a +0 robe.
An orc warrior is nearby!
The orc warrior shouts!
The orc shouts!
You hit the orc warrior but do no damage.
You closely miss the orc warrior.
The orc warrior hits you with a +0 mace.
You completely miss the orc warrior. You headbutt the orc warrior!
The orc warrior is moderately wounded.
The orc warrior closely misses you.
You closely miss the orc warrior. You headbutt the orc warrior.
You punch the orc warrior.
The orc warrior is heavily wounded.
The orc warrior hits you with a +0 mace!
You closely miss the orc warrior.
The orc warrior is heavily wounded.
The orc warrior hits you with a +0 mace!
You hit the orc warrior. You headbutt the orc warrior.
The orc warrior is severely wounded.
The orc warrior hits you with a +0 mace!
You hit the orc warrior.
The orc warrior is severely wounded.
The orc warrior misses you.
You completely miss the orc warrior. Your headbutt misses the orc warrior.
The orc warrior is severely wounded.
The orc warrior hits you with a +0 mace!
* * * LOW HITPOINT WARNING * * *
You barely miss the orc warrior.
The orc warrior is severely wounded.
The orc warrior hits you with a +0 mace.
* * * LOW HITPOINT WARNING * * *
You hit the orc warrior.
The orc warrior is severely wounded.
The orc warrior misses you.
You hit the orc warrior.
The orc warrior is almost dead.
The orc warrior hits you with a +0 mace!
You die...

.....# #.........# ...###
#.##....#.## ...# #.#......P.#
.### ###.....[P...# ...#
#.........>..##### ##.#
#.#............... ##.#
#.#.#...P....####. ##.#
#[#.##<........... ##.#
#h#........######. ##.#
#o#######.######## ##.#
#########o# #...........#. ##.#
#.........# #.###.#####.#. ##.#
#.#######.###.##..### #.#. ##.#
#.#######.........So# #.#. ##.#
#.#......>.##.#..##># #.#.
##.#####.#.....[[[#..##.##o###.#.
##......[....[.).................


You could see an orc warrior and an orc.

Vanquished Creatures
  An ogre (D:2)
  A phantom (D:5)
  A scorpion (D:4)
  2 orc priests (D:2)
  An iguana (D:4)
  2 orc wizards (D:4)
  6 adders
  A shadow imp (D:5)
  2 worms
  2 dart slugs
  17 orcs
  6 ball pythons
  4 bats
  6 endoplasms
  3 giant cockroaches
  9 goblins
  8 hobgoblins
  5 jackals (D:1)
  8 kobolds
  5 quokkas
  2 frilled lizards
  4 rats
96 creatures vanquished.

Notes
Turn   | Place    | Note
-------+----------+-------------------------------------------
     0 | D:1      | Dordric the Demonspawn Shapeshifter began the quest for the
                  | Orb.
     0 | D:1      | Reached XP level 1. HP: 15/15 MP: 1/1
   206 | D:1      | Gained mutation: You are surrounded by a mild repulsion
                  | field. (EV +2) [demonic ancestry]
   206 | D:1      | Reached XP level 2. HP: 16/21 MP: 2/2
   407 | D:1      | Reached skill level 3 in Shapeshifting
   573 | D:1      | Gained mutation: You have a pair of small horns on your
                  | head. [demonic ancestry]
   573 | D:1      | Reached XP level 3. HP: 8/26 MP: 3/3
  1735 | D:3      | Reached XP level 4. HP: 32/32 MP: 4/4
  1903 | D:3      | Noticed an ogre
  2280 | D:2      | Killed an ogre
  2281 | D:2      | Reached skill level 4 in Shapeshifting
  2281 | D:2      | Gained mutation: You are surrounded by a moderate repulsion
                  | field. (EV +3) [demonic ancestry]
  2281 | D:2      | Reached XP level 5. HP: 8/37 MP: 5/5
  2872 | D:4      | Gained mutation: You have a pair of horns on your head.
                  | [demonic ancestry]
  2872 | D:4      | Reached XP level 6. HP: 40/43 MP: 6/6
  2926 | D:4      | Reached skill level 5 in Shapeshifting
  3242 | D:4      | Found an opulent altar of Gozag.
  3246 | D:4      | Found a blossoming altar of Fedhas.
  3247 | D:4      | Found a stormy altar of Qazlal.
  3442 | D:4      | Found a staircase to the Ecumenical Temple.
  3460 | Temple   | Entered the Ecumenical Temple
  3525 | Temple   | Became a worshipper of Trog the Wrathful
  3556 | D:4      | Found Ynysimi's Distillery.
  3755 | D:5      | Entered Level 5 of the Dungeon
  3942 | D:5      | Noticed an orc warrior
  4157 | D:4      | Reached XP level 7. HP: 46/48 MP: 7/7
  4197 | D:4      | Slain by an orc warrior

Illustrated notes

Levels and vault maps discovered:
D:1:      ebering_hopf_link, layout_basic, serial_forest,
          infiniplex_forest_end_3, infiniplex_forest_straight_3,
          infiniplex_forest_straight_4, infiniplex_forest_straight_4,
          infiniplex_forest_corner_1, amcnicky_mini_rare_corridor_liquid,
          minmay_misc_feat_nine_boxes, grunt_decor_one_mirror
D:2:      layout_rooms
D:3:      layout_loops_cross, st_stairs_3, minmay_stone_trees_medium,
          minmay_fractal_squares_gapless_5
D:4:      layout_loops_ring, grunt_temple_overflow_open,
          minmay_temple_entry_overgrown, serial_shops, shop
D:5:      layout_cave_pods, mainiacjoe_overflow_alcove_1, minitemple,
          nicolae_ossuary_entry_monument, minivault_26
Temple:   minmay_temple_curvy_loop

Skill      XL: |  1  2  3  4  5  6 |
---------------+-------------------+-----
Unarmed Combat | 3 |  3.6
Shapeshifting  | 3 4 5 |  5.9
Fighting       | |  1.0
Dodging        | |  1.7

Action                     |  1- 3 |  4- 6 |  7- 9 || total
---------------------------+-------+-------+-------++-------
  Melee: Unarmed           |   128 |   134 |    11 ||   273
         Punch             |     3 |     4 |     1 ||     8
         Headbutt          |    10 |    23 |     3 ||    36
    Use: Scroll            |     1 |     7 |       ||     8
         Potion            |       |     2 |       ||     2
   Stab: Sleeping          |     2 |       |       ||     2
 Armour: Animal skin       |    29 |     6 |       ||    35
         Scale mail        |       |    21 |       ||    21
  Dodge: Dodged            |   112 |   101 |     3 ||   216

Table legend: (Time is in decaauts)
 A = Elapsed time spent in this place.
 B = Non-inter-level travel time spent in this place.
 C = Inter-level travel time spent in this place.
 D = Time resting spent in this place.
 E = Time spent auto-exploring this place.
 F = Levels seen in this place.
 G = Mean time per level.
                   A        B        C        D        E       F      G
               +--------+--------+--------+--------+--------+-----+--------+
         Total |   4185 |   4029 |    156 |    632 |   2590 |   6 |  697.5 |
       Dungeon |   4090 |   3991 |     99 |    632 |   2590 |   5 |  818.0 |
        Temple |     94 |     37 |     57 |      0 |      0 |   1 |   94.0 |
               +--------+--------+--------+--------+--------+-----+--------+

Top non-repeatable levels by time:
     D:4: 1099 daAuts
     D:2: 1059 daAuts
     D:1: 1052 daAuts
     D:3: 777 daAuts
     D:5: 101 daAuts
  Temple: 94 daAuts
